 Dungeon Crawl Stone Soup version 0.21-a0-440-g28109cb (webtiles) character file.

89 tof the Insei (level 4, 0/34 HPs)
             Began as a Demonspawn Gladiator on Nov 11, 2017.
             Succumbed to an adder's poison
             ... on level 3 of the Dungeon.
             The game lasted 00:05:22 (2653 turns).

tof the Insei (Demonspawn Gladiator)                Turns: 2653, Time: 00:05:22

Health: 0/34       AC:  6    Str: 14    XL:     4   Next: 31%
Magic:  4/4        EV: 12    Int: 10    God:
Gold:   109        SH:  0    Dex: 15    Spells: 3/3 levels left

rFire    . . .     SeeInvis .     - Unarmed
rCold    + . .     Gourm    .   (no shield)
rNeg     . . .     Faith    .   e - +0 ring mail
rPois    .         Spirit   .   b - +0 helmet
rElec    .         Reflect  .   (no cloak)
rCorr    .         Harm     .   (no gloves)
MR       .....                  (no boots)
Stlth    +.........             (no amulet)
HPRegen  0.11/turn              (no ring)
MPRegen  0.09/turn              (no ring)

@: lethally poisoned (0 -> -7)
A: cold resistance 1, powered by pain 1, sturdy frame 1
a: no special abilities


You were on level 3 of the Dungeon.
You were near starving.

You visited 1 branch of the dungeon, and saw 3 of its levels.

You collected 109 gold pieces.

Inventory:

Missiles
 c - 5 throwing nets
 q - 5 needles of frenzy
 r - 5 poisoned needles
 t - 6 tomahawks (quivered)
Armour
 a - a +0 leather armour
 b - a +0 helmet (worn)
 e - a +0 ring mail (worn)
Wands
 u - a wand of polymorph (16/24)
Scrolls
 f - 3 scrolls of identify {unknown}
 g - 2 scrolls of enchant weapon {unknown}
 i - a scroll of enchant armour {unknown}
 j - a scroll of fog {unknown}
 l - a scroll of amnesia {unknown}
 o - 2 scrolls of remove curse {unknown}
 p - a scroll of teleportation {unknown}
Potions
 h - a potion of flight
 k - a potion of haste {unknown}
 n - a potion of ambrosia {unknown}
 v - a potion of might {unknown}
 w - a potion of curing
Comestibles
 d - a bread ration
 m - 3 fruits
 s - a meat ration


   Skills:
 + Level 2.5 Fighting
 + Level 2.3 Throwing
 + Level 1.2 Armour
 + Level 3.1 Dodging
 * Level 3.5 Unarmed Combat


You had 3 spell levels left.
You didn't know any spells.

Dungeon Overview and Level Annotations

Branches:
Dungeon (3/15)

Altars:

Annotations:
D:3 tof's ghost, amateur DsGl


Innate Abilities, Weirdness & Mutations

Your flesh is cold resistant. (rC+)
You sometimes gain a little power by taking damage.
Your movements are slightly less encumbered by armour. (ER -2)


Message History

* * * LOW HITPOINT WARNING * * *
You hit tof's ghost but do no damage.
Tof's ghost is moderately damaged.
The bat hits you but does no damage. The adder misses you.
You punch tof's ghost!
Tof's ghost is heavily damaged.
You feel sick. The adder bites you.
* * * LOW HITPOINT WARNING * * *
You are lethally poisoned!
The adder poisons you! Tof's ghost hits you.
* * * LOW HITPOINT WARNING * * *
The adder bites you but does no damage.
You hit tof's ghost.
Tof's ghost is heavily damaged.
The bat hits you but does no damage. Tof's ghost hits you.
* * * LOW HITPOINT WARNING * * *
The adder barely misses you.
You hit tof's ghost but do no damage.
Tof's ghost is heavily damaged.
You die...

## ## .. ##.
.## ..##..###..
.........#.####
.. ...........
#.##.....?.####
........†......
#...@.......
#..SW.!.####
#.......##b#
####....# ..
#..### ## #..
#.. ##. #.


You could see tof's ghost, an adder and a bat.

Vanquished Creatures
  4 adders (D:2)
  2 worms (D:2)
  A dart slug (D:1)
  2 leopard geckos
  A giant cockroach (D:1)
  5 goblins
  6 hobgoblins (D:1)
  6 kobolds
  9 bats
  5 frilled lizards
  5 rats
46 creatures vanquished.

Notes
Turn   | Place    | Note
-------+----------+-------------------------------------------
     0 | D:1      | tof the Demonspawn Gladiator began the quest for the Orb.
     0 | D:1      | Reached XP level 1. HP: 16/16 MP: 1/1
   383 | D:1      | Gained mutation: Your flesh is cold resistant. (rC+) [demonic ancestry]
   383 | D:1      | Reached XP level 2. HP: 22/22 MP: 2/2
   908 | D:1      | Gained mutation: Your movements are slightly less encumbered by armour. (ER -2) [demonic ancestry]
   908 | D:1      | Reached XP level 3. HP: 27/27 MP: 3/3
  1174 | D:2      | HP: 1/27 [adder (3)]
  1455 | D:2      | Reached skill level 1 in Armour
  1956 | D:2      | Gained mutation: You sometimes gain a little power by taking damage. [demonic ancestry]
  1956 | D:2      | Reached XP level 4. HP: 29/34 MP: 4/4
  2423 | D:2      | Found a faded altar of an unknown god.
  2630 | D:3      | Noticed tof's ghost (amateur DsGl)
  2651 | D:3      | HP: 1/34 [tof's ghost (1)]
  2653 | D:3      | Succumbed to an adder's poison

Vault maps used:
D:1:      giann_horns
D:2:      chequers_ecumenical_altar_lobes, st_stairs_9
D:3:      overflow_temple_1_default, uniq_crazy_yiuf_cottage

Skill      XL: |  1  2  3 |
---------------+----------+-----
Throwing       | 2 |  2.3
Unarmed Combat | 3 |  3.5
Dodging        | 3 |  3.1
Armour         | 1 |  1.2
Fighting       | |  2.5

Action                   |  1- 3 |  4- 6 || total
-------------------------+-------+-------++-------
Melee: Unarmed           |   170 |    50 ||   220
       Punch             |     3 |       ||     3
  Use: Potion            |     3 |       ||     3
  Eat: Chunk             |     3 |     1 ||     4
Armor: Ring mail         |   100 |    25 ||   125
Dodge: Dodged            |   133 |    32 ||   165

Table legend:
 A = Spawn XP
 B = Non-spawn XP
 C = Spawn XP percentage of total XP
 D = Spawn monster count
 E = Non-spawn monster count
 F = Spawn count percentage of total count
 G = Total turns spent on level
                    A         B        C        D         E        F      G
               +---------+---------+-------+---------+---------+-------+---------
         Total |       0 |     128 |   0.0 |       0 |      46 |   0.0 |  2653
               +---------+---------+-------+---------+---------+-------+---------
           D:1 |       0 |      42 |   0.0 |       0 |      23 |   0.0 |  1103
           D:2 |       0 |      84 |   0.0 |       0 |      22 |   0.0 |  1524
           D:3 |       0 |       2 |   0.0 |       0 |       1 |   0.0 |    26
               +---------+---------+-------+---------+---------+-------+---------
